[Event "42nd Olympiad Baku 2016 Women"]
[Site "Baku"]
[Date "2016.09.06"]
[Round "5.26"]
[White "Domingos, Maria M"]
[Black "Mayar ElIdrissi, Firdaous"]
[Result "0-1"]
[ECO "B50"]
[WhiteElo "1689"]
[BlackElo "1786"]
[Annotator ""]
[PlyCount "118"]
[EventDate "2016.??.??"]
[EventType "team-tourn"]
[EventCountry "AZE"]
[SourceTitle "playchess.com"]
[Source "ChessBase"]
[WhiteTeam "Angola"]
[BlackTeam "Morocco"]
[WhiteTeamCountry "ANG"]
[BlackTeamCountry "MAR"]
[TimeControl "40/5400+30:1800+30"]

1. e4 {(00:00)} c5 {(00:00)} 2. Nf3 {(00:00)} d6 {(
00:00)} 3. Be2 {(00:00)} Nf6 {(00:00)} 4. c3 {(00:12)} Nc6
{(00:15)} 5. d3 {(16:35)} Bd7 {(00:51)} 6. O-O {(
00:09)} e6 {(00:15)} 7. h3 {(00:06)} Be7 {(00:09)} 8. Nh2
{(00:09)} d5 {(00:56)} 9. Nd2 {(02:39)} Qc7 {(02:
13)} 10. f4 {(01:29)} dxe4 {(02:19)} 11. dxe4 {(00:53)}
O-O {(03:47)} 12. Qc2 {(02:55)} Rad8 {(02:12)} 13. Nb3 {
(00:43)} Nb8 {(02:36)} 14. Be3 {(00:21)} Ba4 {(07:
15)} 15. Qb1 {(02:14)} b6 {(03:53)} 16. e5 {(01:11)} Nd5 {
(00:43)} 17. Bc1 {(01:04)} Bc6 {(11:36)} 18. a3 {(
01:42)} Qb7 {(05:50)} 19. Nf3 {(05:35)} Ba4 {(03:12)} 20.
Bd1 {(06:58)} Bb5 {(02:30)} 21. Re1 {(03:23)} Rd7 {
(06:10)} 22. Qc2 {(05:15)} Nc7 {(05:47)} 23. Nbd2 {
(02:50)} Bd3 {(01:28)} 24. Qb3 {(01:34)} Nd5 {(02:
39)} 25. Nf1 {(02:37)} c4 {(02:20)} 26. Qa2 {(00:06)} Bc5+
{(05:49)} 27. Kh1 {(01:00)} Bf2 {(01:28)} 28. N1h2 {
(01:26)} Bxe1 {(03:11)} 29. Nxe1 {(00:03)} Ne7 {(
01:21)} 30. Nhf3 {(06:18)} Rfd8 {(04:50)} 31. Nd4 {(00:29]
} Nf5 {(03:57)} 32. Nef3 {(06:23)} a6 {(05:30)} 33. b3 {
(09:21)} b5 {(02:28)} 34. b4 {(04:16)} Nc6 {(00:12]
} 35. Bb2 {(03:41)} Ne3 {(02:53)} 36. Rc1 {(02:03)} Nxd4 {
(00:55)} 37. cxd4 {(00:08)} Bf1 {(02:04)} 38. Kg1 {
(02:33)} Bxg2 {(00:46)} 39. Kf2 {(01:11)} Nxd1+ {(
01:47)} 40. Kxg2 {(00:00)} Ne3+ {(00:00)} 41. Kf2 {(00:04]
} Nf5 {(01:52)} 42. Qb1 {(00:57)} Rc8 {(03:01)} 43. Qc2 {
(01:40)} Qd5 {(06:22)} 44. Bc3 {(01:06)} h6 {(01:
29)} 45. Rd1 {(00:47)} Qa8 {(04:00)} 46. Qb1 {(01:26)} Rd5
{(00:25)} 47. Qc2 {(01:41)} Rc7 {(00:52)} 48. Qb1 {
(03:01)} Qd8 {(00:22)} 49. Rd2 {(01:06)} Ra7 {(02:
15)} 50. Qd1 {(01:37)} Qe7 {(01:07)} 51. Qc1 {(00:30)} Nh4
{(01:06)} 52. Qh1 {(00:44)} Ng6 {(00:36)} 53. Ke3 {
(00:56)} a5 {(00:31)} 54. Qc1 {(00:38)} axb4 {(00:
37)} 55. Bxb4 {(00:02)} Qd8 {(00:56)} 56. Qb2 {(00:39)}
Ne7 {(00:43)} 57. Bc5 {(00:17)} Nf5+ 58. Kf2 {(00:33)} Rb7
{(02:05)} 59. Rd1 {(00:34)} Rxc5 {(01:14)} 0-1

[Event "42nd Olympiad Baku 2016 Women"]
[Site "Baku"]
[Date "2016.09.06"]
[Round "5.13"]
[White "dos Ramos, Rosangela"]
[Black "Stojkovska, Monika"]
[Result "0-1"]
[ECO "B50"]
[WhiteElo "1821"]
[BlackElo "2033"]
[Annotator ""]
[PlyCount "68"]
[EventDate "2016.??.??"]
[EventType "team-tourn"]
[EventCountry "AZE"]
[SourceTitle "playchess.com"]
[Source "ChessBase"]
[WhiteTeam "Surinam"]
[BlackTeam "Macedonia"]
[WhiteTeamCountry "SUR"]
[BlackTeamCountry "MKD"]
[TimeControl "40/5400+30:1800+30"]

1. e4 {(00:00)} c5 {(00:00)} 2. Nf3 {(00:00)} d6 {(
00:00)} 3. d3 {(00:00)} Nc6 {(00:00)} 4. g3 {(00:07)} g6 {
(00:08)} 5. Bg2 {(00:03)} Bg7 {(00:10)} 6. O-O {(
00:16)} e5 {(00:21)} 7. c3 {(00:28)} Nge7 {(00:52)} 8. a3
{(01:52)} O-O {(01:17)} 9. b4 {(03:21)} h6 {(00:32]
} 10. Be3 {(10:41)} b6 {(05:48)} 11. Nbd2 {(02:55)} Be6 {
(02:05)} 12. Nc4 {(16:01)} d5 {(18:00)} 13. exd5 {(
05:34)} Nxd5 {(02:49)} 14. b5 {(28:24)} Nxc3 {(07:03)} 15.
Qd2 {(02:43)} Nxb5 {(22:05)} 16. Bxh6 {(10:35)} Nbd4 {
(06:29)} 17. Bxg7 {(06:42)} Kxg7 {(00:35)} 18. Nfxe5 {
(05:08)} Nxe5 {(00:52)} 19. Nxe5 {(00:06)} Bd5 {(
01:55)} 20. Rae1 {(03:28)} Bxg2 {(15:08)} 21. Kxg2 {(00:
01)} Rh8 {(01:50)} 22. Qf4 {(01:33)} Qc7 {(02:30)} 23. Qe4
{(00:52)} Rae8 {(01:53)} 24. Qd5 {(00:21)} Rh5 {(
00:25)} 25. Qd7 {(00:34)} Qxd7 {(01:41)} 26. Nxd7 {(00:02]
} Ne2 {(03:23)} 27. f4 {(00:47)} f6 {(01:17)} 28. h4 {
(00:42)} Rd5 {(00:19)} 29. Kf2 {(00:30)} Rxd3 {(01:
29)} 30. Nxc5 {(00:33)} Rd2 {(01:44)} 31. Nb3 {(00:28)}
Rc2 {(01:03)} 32. Na1 {(00:34)} Ra2 {(00:08)} 33. Rh1 {
(00:32)} Nd4+ {(01:07)} 34. Kf1 {(00:15)} Rxe1+ {(
00:06)} 0-1

[Event "42nd Olympiad Baku 2016 Women"]
[Site "Baku"]
[Date "2016.09.06"]
[Round "5.10"]
[White "Dovchin, Bolortungalag"]
[Black "Mbo, Mabedi"]
[Result "1/2-1/2"]
[ECO "D43"]
[WhiteElo "1544"]
[BlackElo "1531"]
[Annotator ""]
[PlyCount "140"]
[EventDate "2016.??.??"]
[EventType "team-tourn"]
[EventCountry "AZE"]
[SourceTitle "playchess.com"]
[Source "ChessBase"]
[WhiteTeam "Korea"]
[BlackTeam "Botswana"]
[WhiteTeamCountry "KOR"]
[BlackTeamCountry "BOT"]
[TimeControl "40/5400+30:1800+30"]

1. d4 {(00:00)} d5 {(00:00)} 2. c4 {(00:00)} c6 {(
00:00)} 3. Nf3 {(00:00)} Nf6 {(00:00)} 4. Nc3 {(00:01)} e6
{(01:29)} 5. Bf4 {(01:35)} Nbd7 {(01:28)} 6. cxd5 {
(00:14)} cxd5 {(00:15)} 7. Qb3 {(00:43)} a6 {(01:
04)} 8. e3 {(00:15)} Be7 {(00:19)} 9. Bd3 {(00:14)} O-O {
(00:56)} 10. h3 {(00:08)} b5 {(03:17)} 11. a3 {(01:
45)} Bb7 {(01:28)} 12. O-O {(00:22)} Rc8 {(00:36)} 13.
Rfc1 {(02:06)} Nb6 {(02:12)} 14. Na2 {(01:13)} Qd7 {
(00:50)} 15. Ne5 {(01:52)} Qe8 {(04:40)} 16. Rxc8 {
(04:12)} Qxc8 {(03:39)} 17. Rc1 {(00:09)} Qa8 {(01:
01)} 18. Qd1 {(18:45)} Rc8 {(01:38)} 19. Ng4 {(05:09)}
Rxc1 {(04:42)} 20. Nxf6+ {(02:39)} Bxf6 {(00:06)} 21. Qxc1
{(00:41)} Qc8 {(00:12)} 22. Qb1 {(10:13)} g6 {(00:
52)} 23. Bd6 {(02:09)} Nc4 {(02:46)} 24. Bc5 {(00:26)} Nd2
{(00:25)} 25. Qd1 {(00:49)} Ne4 {(00:10)} 26. Bxe4 {
(02:33)} dxe4 {(00:07)} 27. b4 {(01:36)} Bg7 {(03:
00)} 28. Nc3 {(01:25)} Bf8 {(03:37)} 29. Kf1 {(00:44)} Bh6
{(01:58)} 30. Qg4 {(18:22)} f5 {(04:30)} 31. Qd1 {(
01:36)} Qd8 {(00:12)} 32. g3 {(01:42)} Bc6 {(03:10)} 33.
Ne2 {(03:25)} Qd5 {(00:48)} 34. Qc2 {(01:18)} Qd8 {
(00:50)} 35. h4 {(02:30)} Kf7 {(02:04)} 36. Nf4 {(
06:21)} g5 {(01:02)} 37. hxg5 {(00:42)} Bxg5 {(05:02)} 38.
Ba7 {(03:11)} Qd7 {(00:53)} 39. Bc5 {(02:52)} Bxf4 {
(00:39)} 40. exf4 {(00:00)} Qd5 {(00:00)} 41. Qe2 {
(10:26)} Qc4 {(00:22)} 42. Ke1 {(01:33)} Kg6 {(04:
08)} 43. Qe3 {(00:51)} Bd5 {(01:41)} 44. Be7 {(19:55)} Qa2
{(04:42)} 45. Qd2 {(03:03)} Qxa3 {(02:24)} 46. Bc5 {
(00:18)} Bc4 {(02:28)} 47. Qd1 {(02:53)} Qc3+ {(02:
41)} 48. Qd2 {(00:17)} Qa1+ {(09:43)} 49. Qd1 {(00:24)}
Qa2 {(00:26)} 50. Qd2 {(00:19)} Qb3 {(00:56)} 51. Qd1 {
(00:33)} Qf3 {(01:55)} 52. Qxf3 {(00:20)} exf3 {(
00:22)} 53. Kd2 {(00:29)} Kh5 {(00:05)} 54. Ke3 {(00:25)}
Kg4 {(00:04)} 55. Be7 {(00:17)} Bd5 {(00:37)} 56. Bc5 {
(00:28)} Kh5 {(00:34)} 57. Kd2 {(00:18)} Kg6 {(00:
10)} 58. Kc3 {(00:09)} Kf7 {(00:17)} 59. Kd2 {(00:15)} Ke8
60. Kc3 {(00:11)} Kd7 {(01:28)} 61. Kd2 {(00:14)} Kc6 {
(00:12)} 62. Kc3 {(00:01)} Bc4 {(00:17)} 63. Bf8 {(
00:19)} Kd5 {(00:05)} 64. Bc5 {(00:27)} Ke4 {(00:23)} 65.
Kd2 {(00:22)} Be2 {(01:25)} 66. Kc3 {(00:17)} h5 {(
03:33)} 67. Be7 {(00:17)} Bf1 {(00:44)} 68. Bd6 {(00:28)}
Kd5 {(00:15)} 69. Be5 {(00:54)} Kc6 {(00:05)} 70. Bf6 {
(00:32)} Kc7 {(00:48)} 1/2-1/2

[Event "42nd Olympiad Baku 2016 Women"]
[Site "Baku"]
[Date "2016.09.06"]
[Round "5.12"]
[White "Dragomirescu, Angela"]
[Black "Gutmakher, Olga"]
[Result "0-1"]
[ECO "E81"]
[WhiteElo "2227"]
[BlackElo "2216"]
[Annotator ""]
[PlyCount "80"]
[EventDate "2016.??.??"]
[EventType "team-tourn"]
[EventCountry "AZE"]
[SourceTitle "playchess.com"]
[Source "ChessBase"]
[WhiteTeam "Romania"]
[BlackTeam "Israel"]
[WhiteTeamCountry "ROU"]
[BlackTeamCountry "ISR"]
[TimeControl "40/5400+30:1800+30"]

1. d4 {(00:00)} Nf6 {(00:00)} 2. c4 {(00:00)} g6 {(
00:00)} 3. f3 {(00:26)} Bg7 {(00:01)} 4. e4 {(00:24)} d6 {
(00:13)} 5. Nc3 {(01:06)} O-O {(00:13)} 6. Be3 {(
00:05)} Nbd7 {(00:21)} 7. Qd2 {(01:19)} c5 {(01:17)} 8. d5
{(04:05)} a6 {(00:54)} 9. Nge2 {(03:06)} Ne5 {(02:
19)} 10. Ng3 {(02:35)} h5 {(01:05)} 11. Be2 {(01:57)} h4 {
(05:12)} 12. Nf1 {(00:23)} h3 {(00:27)} 13. g4 {(
04:15)} b5 {(01:44)} 14. Ng3 {(15:16)} bxc4 {(06:30)} 15.
Bh6 {(09:00)} Rb8 {(01:23)} 16. Bxg7 {(06:26)} Kxg7 {
(00:45)} 17. O-O {(03:11)} Rh8 {(05:17)} 18. Kh1 {(
00:13)} Qb6 {(05:45)} 19. Rab1 {(01:03)} Bd7 {(01:16)} 20.
Rg1 {(05:24)} Kf8 {(22:17)} 21. g5 {(08:10)} Ne8 {(
01:15)} 22. Nf1 {(02:27)} Rh4 {(04:52)} 23. Ne3 {(01:40)}
Nd3 {(09:55)} 24. Bxd3 {(00:36)} cxd3 {(00:09)} 25. Qxd3 {
(02:50)} Qb4 {(06:40)} 26. Nc2 {(08:15)} Qa5 {(00:
49)} 27. Qe3 {(00:21)} e5 {(04:32)} 28. Qf2 {(04:20)} Rf4
{(02:38)} 29. Ne3 {(05:03)} Rb4 {(04:16)} 30. Nc2 {
(02:59)} Rxb2 {(02:45)} 31. Rxb2 {(00:16)} Qxc3 {(
00:04)} 32. Rb3 {(00:57)} Qa5 {(00:57)} 33. Ra3 {(02:02)}
Qb5 {(00:57)} 34. Rb3 {(00:38)} Qa4 {(00:39)} 35. Re1 {
(03:21)} Qxa2 {(02:59)} 36. Reb1 {(00:18)} Qa4 {(
01:29)} 37. Qd2 {(00:41)} Bg4 {(02:27)} 38. fxg4 {(01:56)}
Qxb3 {(01:36)} 39. Qd1 {(00:59)} Qc4 {(00:44)} 40. Kg1 {
(00:00)} Qxe4 {(00:00)} 0-1

[Event "42nd Olympiad Baku 2016 Women"]
[Site "Baku"]
[Date "2016.09.06"]
[Round "5.16"]
[White "Erneste, Inguna"]
[Black "Navrotescu, Andreea-Cristiana"]
[Result "1-0"]
[ECO "B76"]
[WhiteElo "2178"]
[BlackElo "2235"]
[Annotator ""]
[PlyCount "107"]
[EventDate "2016.??.??"]
[EventType "team-tourn"]
[EventCountry "AZE"]
[SourceTitle "playchess.com"]
[Source "ChessBase"]
[WhiteTeam "Latvia"]
[BlackTeam "France"]
[WhiteTeamCountry "LAT"]
[BlackTeamCountry "FRA"]
[TimeControl "40/5400+30:1800+30"]

1. e4 {(00:00)} c5 {(00:00)} 2. Nf3 {(00:00)} d6 {(
00:00)} 3. d4 {(00:00)} cxd4 {(00:00)} 4. Nxd4 {(00:00)}
Nf6 {(00:00)} 5. Nc3 {(00:05)} g6 {(00:00)} 6. Be3 {
(00:24)} Bg7 {(00:09)} 7. f3 {(00:26)} Nc6 {(00:20]
} 8. Qd2 {(01:52)} O-O {(00:15)} 9. O-O-O {(00:42)} d5 {
(00:15)} 10. Kb1 {(00:29)} e5 {(06:18)} 11. Nxc6 {(
00:38)} bxc6 {(00:02)} 12. exd5 {(00:32)} cxd5 {(00:05)}
13. Nxd5 {(00:36)} Bb7 {(28:22)} 14. Bc4 {(12:27)} Rc8 {
(13:35)} 15. Bb3 {(03:00)} Nxd5 {(03:21)} 16. Bxd5 {
(00:12)} Bxd5 {(00:02)} 17. Qxd5 {(00:10)} Qc7 {(
00:02)} 18. c3 {(23:48)} Rb8 {(06:56)} 19. Qd2 {(25:28)}
Rfc8 {(00:45)} 20. Rc1 {(01:19)} Qc4 {(05:51)} 21. Rhd1 {
(01:30)} a5 {(09:01)} 22. Rc2 {(10:42)} Qh4 {(08:
30)} 23. h3 {(03:26)} a4 {(01:52)} 24. Bg5 {(05:45)} Qg3 {
(00:01)} 25. Be7 {(00:54)} Re8 {(02:00)} 26. Qg5 {(
00:56)} Qxg5 {(02:31)} 27. Bxg5 {(00:02)} e4 {(00:15)} 28.
fxe4 {(01:43)} Rxe4 {(00:01)} 29. Rcd2 {(00:29)} h6 {
(00:37)} 30. Rd8+ {(00:22)} Rxd8 {(00:05)} 31. Rxd8+ {
(00:07)} Kh7 {(00:01)} 32. Bc1 {(00:35)} a3 {(02:
38)} 33. Kc2 {(02:00)} axb2 {(01:42)} 34. Kxb2 {(00:25)}
f5 {(03:01)} 35. Kb3 {(00:44)} Re7 {(00:31)} 36. Rd5 {
(01:34)} Rb7+ {(00:36)} 37. Kc2 {(00:11)} Ra7 {(02:
33)} 38. Kb3 {(00:26)} Rb7+ {(00:01)} 39. Kc2 {(00:22)}
Ra7 {(00:01)} 40. a3 {(00:00)} Rc7 {(00:00)} 41. Bb2 {
(08:11)} f4 {(04:51)} 42. a4 {(01:13)} g5 {(00:45)}
43. a5 {(02:57)} Kg6 {(00:32)} 44. a6 {(01:45)} h5 {
(00:34)} 45. Ra5 {(02:48)} Ra7 {(00:35)} 46. Ba3 {(
04:48)} g4 {(02:03)} 47. hxg4 {(00:07)} hxg4 {(01:26)} 48.
Bc5 {(01:05)} Ra8 {(00:01)} 49. a7 {(02:10)} Be5 {(
04:51)} 50. Bb6 {(03:18)} Kf6 {(01:55)} 51. Kd3 {(03:55)}
f3 {(01:46)} 52. gxf3 {(00:10)} gxf3 {(00:06)} 53. Rd5 {
(02:06)} Re8 {(05:28)} 54. Bd8+ {(01:14)} 1-0

[Event "42nd Olympiad Baku 2016 Women"]
[Site "Baku"]
[Date "2016.09.06"]
[Round "5.28"]
[White "Farnela, Nuzela Zacarias Mus"]
[Black "James, Shemilah"]
[Result "1/2-1/2"]
[ECO "C50"]
[WhiteElo "1350"]
[BlackElo "1495"]
[Annotator ""]
[PlyCount "64"]
[EventDate "2016.??.??"]
[EventType "team-tourn"]
[EventCountry "AZE"]
[SourceTitle "playchess.com"]
[Source "ChessBase"]
[WhiteTeam "MOZ"]
[BlackTeam "TTO"]
[WhiteTeamCountry "MOZ"]
[TimeControl "40/5400+30:1800+30"]

1. e4 {(00:00)} e5 {(00:00)} 2. Nf3 {(00:00)} Nc6 {
(00:00)} 3. Bc4 {(00:00)} Bc5 {(00:25)} 4. Nc3 {(
00:39)} d6 {(00:42)} 5. h3 {(00:28)} a6 {(00:49)} 6. O-O {
(02:02)} Nf6 {(01:24)} 7. d3 {(00:24)} h6 {(00:47)}
8. a3 {(00:51)} O-O {(00:56)} 9. Re1 {(03:31)} Be6 {
(02:25)} 10. Ba2 {(02:37)} Qd7 {(04:51)} 11. Be3 {(
05:42)} Bxe3 {(10:55)} 12. Rxe3 {(00:26)} Bxa2 {(02:08)}
13. Rxa2 {(00:49)} d5 {(06:00)} 14. exd5 {(03:20)} Nxd5 {
(00:59)} 15. Nxd5 {(00:58)} Qxd5 {(00:18)} 16. Ra1 {
(00:22)} Rfe8 {(03:39)} 17. c4 {(04:18)} Qd6 {(02:
05)} 18. Qd2 {(05:12)} Rad8 {(02:43)} 19. Qc3 {(03:23)}
Nd4 {(17:09)} 20. Nxd4 {(08:31)} Qxd4 {(01:25)} 21. Qxd4 {
(00:46)} exd4 {(00:50)} 22. Rxe8+ {(00:12)} Rxe8 {(
00:02)} 23. Kf1 {(00:21)} Kf8 {(01:04)} 24. Re1 {(00:28)}
Rxe1+ {(02:12)} 25. Kxe1 {(00:05)} Ke7 {(00:06)} 26. Ke2 {
(00:07)} Kd6 {(01:35)} 27. Kf3 {(00:47)} c5 {(02:
20)} 28. Ke4 {(01:07)} b6 {(05:20)} 29. f4 {(03:44)} Ke6 {
(04:22)} 30. h4 {(04:52)} f5+ {(00:45)} 31. Kf3 {(
00:10)} h5 {(01:07)} 32. g3 {(00:41)} g6 {(00:31] Ke4 Ke5+
} 1/2-1/2

[Event "42nd Olympiad Baku 2016 Women"]
[Site "Baku"]
[Date "2016.09.06"]
[Round "5.20"]
[White "Fernandez Alacha, Mirna Graciela"]
[Black "Alawadhi, Amenah"]
[Result "1-0"]
[ECO "B01"]
[WhiteElo "1528"]
[BlackElo "1393"]
[Annotator ""]
[PlyCount "50"]
[EventDate "2016.??.??"]
[EventType "team-tourn"]
[EventCountry "AZE"]
[SourceTitle "playchess.com"]
[Source "ChessBase"]
[WhiteTeam "Honduras"]
[BlackTeam "Kuwait"]
[WhiteTeamCountry "HON"]
[BlackTeamCountry "KUW"]
[TimeControl "40/5400+30:1800+30"]

1. e4 {(00:00)} d5 {(00:00)} 2. exd5 {(00:00)} Nf6 {
(00:00)} 3. Nf3 {(00:00)} Nxd5 {(01:28)} 4. d4 {(
00:07)} e6 {(01:45)} 5. c4 {(00:23)} Nf6 {(00:20)} 6. Nc3
{(00:24)} c5 {(05:02)} 7. Be3 {(01:49)} b6 {(13:21]
} 8. Be2 {(01:34)} Be7 {(01:38)} 9. Ne5 {(03:16)} O-O {
(04:00)} 10. Bf3 {(01:19)} cxd4 {(05:32)} 11. Qxd4 {
(01:32)} Bd6 {(06:01)} 12. Bxa8 {(02:22)} Bxe5 {(
00:59)} 13. Qxe5 {(00:24)} Nbd7 {(02:28)} 14. Qg3 {(00:47]
} Ba6 {(00:54)} 15. Bf3 {(00:44)} Bxc4 {(00:58)} 16. Bh6 {
(01:06)} Ne8 {(00:36)} 17. Rd1 {(05:34)} Qf6 {(01:
41)} 18. Bg5 {(01:17)} Qg6 {(03:05)} 19. Rxd7 {(01:28)}
Qc2 {(00:20)} 20. Qf4 {(05:40)} Ba6 {(04:58)} 21. Qd2 {
(00:48)} Qf5 {(02:49)} 22. Be7 {(07:18)} Qe5+ {(02:
28)} 23. Be2 {(00:29)} Nf6 {(01:21)} 24. Rd8 {(00:58)} Re8
{(02:20)} 25. O-O {(01:04)} Ne4 {(01:17)} 1-0

[Event "42nd Olympiad Baku 2016 Women"]
[Site "Baku"]
[Date "2016.09.06"]
[Round "5.31"]
[White "Fernandez, Maria Florencia"]
[Black "Raeva, Elitsa"]
[Result "0-1"]
[ECO "E20"]
[WhiteElo "2189"]
[BlackElo "2232"]
[Annotator ""]
[PlyCount "134"]
[EventDate "2016.??.??"]
[EventType "team-tourn"]
[EventCountry "AZE"]
[SourceTitle "playchess.com"]
[Source "ChessBase"]
[WhiteTeam "Argentina"]
[BlackTeam "Bulgaria"]
[WhiteTeamCountry "ARG"]
[BlackTeamCountry "BUL"]
[TimeControl "40/5400+30:1800+30"]

1. d4 {(00:00)} Nf6 {(00:00)} 2. c4 {(00:00)} e6 {(
00:00)} 3. Nc3 {(00:06)} Bb4 {(00:14)} 4. f3 {(02:07)} c5
{(06:14)} 5. d5 {(00:18)} O-O {(03:12)} 6. e4 {(00:
32)} d6 {(03:57)} 7. Bd3 {(03:11)} b5 {(10:02)} 8. Nge2 {
(12:00)} exd5 {(09:30)} 9. cxd5 {(09:01)} c4 {(01:
32)} 10. Bc2 {(00:11)} Ba5 {(00:10)} 11. O-O {(02:55)}
Bb6+ {(04:06)} 12. Kh1 {(02:11)} a6 {(04:18)} 13. a3 {
(04:52)} Nbd7 {(03:13)} 14. Bg5 {(04:49)} h6 {(07:
01)} 15. Bh4 {(00:49)} Ne5 {(00:46)} 16. Nd4 {(18:28)} Bd7
{(08:41)} 17. Bf2 {(06:21)} Re8 {(01:14)} 18. h3 {(
01:47)} Nh5 {(02:07)} 19. Qd2 {(03:40)} Qg5 {(08:41)} 20.
Qxg5 {(01:24)} hxg5 {(00:06)} 21. Nce2 {(05:16)} Nd3 {
(04:31)} 22. Rab1 {(08:25)} Nxf2+ {(03:48)} 23. Rxf2 {
(00:04)} g6 {(01:16)} 24. Rd1 {(00:30)} Kg7 {(04:
34)} 25. Kh2 {(01:58)} Rac8 {(01:28)} 26. Rff1 {(00:53)}
Nf4 {(03:57)} 27. Nc3 {(03:22)} Rh8 {(00:26)} 28. Nce2 {
(05:59)} Rh4 {(03:55)} 29. Nxf4 {(01:24)} gxf4 {(
00:06)} 30. Rh1 {(01:36)} Kf6 {(00:56)} 31. g4 {(00:47)}
fxg3+ {(00:32)} 32. Kxg3 {(00:04)} Rch8 {(00:23)} 33. b3 {
(00:48)} cxb3 {(00:57)} 34. Bxb3 {(00:04)} Rxh3+ {(
00:25)} 35. Rxh3 {(00:04)} Rxh3+ {(00:06)} 36. Kg2 {(00:
02)} Rh8 {(01:25)} 37. Nc6 {(00:25)} Bc5 {(02:03)} 38. a4
{(00:40)} Rc8 {(00:28)} 39. axb5 {(00:10)} axb5 {(
00:05)} 40. Rh1 {(00:00)} Kg7 {(00:00)} 41. Ra1 {(05:38)}
Bxc6 {(07:48)} 42. dxc6 {(00:04)} Rxc6 {(00:11)} 43. Ra8 {
(04:34)} Rc7 {(01:27)} 44. Rb8 {(00:33)} b4 {(00:
38)} 45. Kg3 {(04:01)} Re7 {(05:54)} 46. Bd5 {(00:19)} Kf6
{(04:19)} 47. Kf4 {(02:00)} Ra7 {(00:28)} 48. Rf8 {
(01:15)} g5+ {(05:17)} 49. Kg4 {(00:40)} Be3 {(00:
18)} 50. Rb8 {(03:35)} Bd2 {(01:29)} 51. Rf8 {(02:30)} Rc7
{(02:12)} 52. Re8 {(03:32)} Rc1 {(04:21)} 53. Rf8 {
(00:37)} Rg1+ {(01:21)} 54. Kh3 {(02:43)} Bf4 {(00:
33)} 55. Rxf7+ {(00:18)} Ke5 {(00:06)} 56. Rb7 {(01:39)}
Rb1 {(01:37)} 57. Kg4 {(05:18)} Rh1 {(01:32)} 58. Re7+ {
(00:17)} Kd4 {(00:06)} 59. Rb7 {(00:27)} Bd2 {(00:
35)} 60. Rb6 {(00:42)} Ke5 {(01:30)} 61. Rb7 {(00:14)}
Rg1+ {(01:12)} 62. Kh3 {(00:24)} Kf4 {(00:38)} 63. Rf7+ {
(00:31)} Ke3 {(00:14)} 64. Rf6 {(01:44)} Kf2 {(00:
24)} 65. Rxd6 {(01:09)} Bf4 {(00:54)} 66. e5 {(00:31)}
Rg3+ {(00:24)} 67. Kh2 {(00:17)} Rg4+ {(00:12)} 0-1

[Event "42nd Olympiad Baku 2016 Women"]
[Site "Baku"]
[Date "2016.09.06"]
[Round "5.32"]
[White "Fisher, Michelle M"]
[Black "Leon Sandoval, Johan"]
[Result "1/2-1/2"]
[ECO "B06"]
[WhiteElo "1701"]
[BlackElo "1703"]
[Annotator ""]
[PlyCount "67"]
[EventDate "2016.??.??"]
[EventType "team-tourn"]
[EventCountry "AZE"]
[SourceTitle "playchess.com"]
[Source "ChessBase"]
[WhiteTeam "South Africa"]
[BlackTeam "Nicaragua"]
[WhiteTeamCountry "RSA"]
[BlackTeamCountry "NCA"]
[TimeControl "40/5400+30:1800+30"]

1. e4 {(00:00)} g6 {(00:00)} 2. d4 {(00:00)} d6 {(
00:00)} 3. f4 {(00:00)} Bg7 {(00:00)} 4. Nf3 {(00:11)} c6
{(00:36)} 5. Nc3 {(00:19)} b5 {(01:04)} 6. a3 {(01:
57)} a5 {(00:36)} 7. Bd3 {(03:58)} Nh6 {(03:50)} 8. O-O {
(02:56)} f5 {(05:19)} 9. e5 {(04:39)} O-O {(02:36)}
10. Kh1 {(02:06)} Nf7 {(00:48)} 11. Qe2 {(03:58)} dxe5 {
(11:02)} 12. dxe5 {(00:27)} e6 {(01:16)} 13. Be3 {(
02:02)} Qc7 {(02:58)} 14. Qf2 {(06:35)} Nd7 {(03:36)} 15.
Ne2 {(04:45)} Bb7 {(03:17)} 16. Ned4 {(09:41)} Rfe8 {
(02:20)} 17. Nb3 {(01:45)} a4 18. Nc5 Nxc5 {(10:47)} 19.
Bxc5 {(00:46)} Rac8 {(03:23)} 20. Rad1 {(06:38)} Ba6 {
(01:49)} 21. Rd2 {(05:32)} Bf8 {(05:46)} 22. Rfd1 {
(01:21)} Bxc5 {(06:14)} 23. Qxc5 {(00:28)} Re7 {(
02:35)} 24. Be2 {(05:02)} Rd8 {(03:54)} 25. Rxd8+ {(08:36]
} Nxd8 {(01:02)} 26. Nd4 {(00:57)} Rd7 {(04:35)} 27. Bf3 {
(02:05)} Kf7 {(03:27)} 28. Rg1 {(04:22)} Bb7 {(01:
35)} 29. g4 {(05:01)} fxg4 {(03:58)} 30. Rxg4 {(00:24)}
Ba8 {(02:30)} 31. Kg1 {(06:17)} Qa7 {(05:25)} 32. Qxa7 {
(00:12)} Rxa7 {(00:02)} 33. Be4 {(01:37)} Rd7 {(00:
22)} 34. Nf3 {(03:00)} 1/2-1/2

[Event "42nd Olympiad Baku 2016 Women"]
[Site "Baku"]
[Date "2016.09.06"]
[Round "5.10"]
[White "Foisor, Cristina-Adela"]
[Black "Efroimski, Marsel"]
[Result "1-0"]
[ECO "E92"]
[WhiteElo "2353"]
[BlackElo "2322"]
[Annotator ""]
[PlyCount "81"]
[EventDate "2016.??.??"]
[EventType "team-tourn"]
[EventCountry "AZE"]
[SourceTitle "playchess.com"]
[Source "ChessBase"]
[WhiteTeam "Romania"]
[BlackTeam "Israel"]
[WhiteTeamCountry "ROU"]
[BlackTeamCountry "ISR"]
[TimeControl "40/5400+30:1800+30"]

1. Nf3 {(00:00)} Nf6 {(00:00)} 2. c4 {(00:00)} g6 {
(00:00)} 3. Nc3 {(00:00)} Bg7 {(00:50)} 4. e4 {(00:
16)} d6 {(00:30)} 5. d4 {(00:14)} O-O {(00:07)} 6. Be2 {
(00:38)} e5 {(00:24)} 7. dxe5 {(03:05)} dxe5 {(00:
04)} 8. Qxd8 {(00:04)} Rxd8 {(00:04)} 9. Bg5 {(00:03)} Na6
{(19:08)} 10. Nd5 {(03:17)} Rd6 {(00:14)} 11. Nxf6+ {
(02:10)} Bxf6 {(00:05)} 12. Bxf6 {(00:24)} Rxf6 {(
00:04)} 13. Nxe5 {(00:15)} Re6 {(03:05)} 14. f4 {(01:33)}
Nc5 {(15:45)} 15. O-O-O {(03:28)} f6 {(08:26)} 16. Rd8+ {
(07:10)} Kg7 {(00:23)} 17. Nd3 {(03:28)} Rxe4 {(08:
00)} 18. Nxc5 {(02:17)} Rxe2 {(00:03)} 19. Nd3 {(01:06)}
b6 {(18:56)} 20. Re1 {(00:21)} Rxe1+ {(00:04)} 21. Nxe1 {
(00:03)} Kf7 {(02:15)} 22. g4 {(04:08)} h5 {(06:09]
} 23. gxh5 {(03:15)} gxh5 {(00:01)} 24. Nc2 {(00:18)} Ke7
{(02:01)} 25. Rh8 {(00:21)} Bb7 {(00:31)} 26. Rxh5 {
(04:37)} Be4 {(01:38)} 27. Ne3 {(00:40)} Rg8 {(04:
50)} 28. Kd2 {(00:52)} Rg1 {(01:20)} 29. Kc3 {(05:42)} c5
{(03:48)} 30. Rh3 {(07:05)} Rc1+ {(02:53)} 31. Kd2 {
(01:55)} Rb1 {(00:05)} 32. Nd1 {(02:29)} Bg6 {(01:
25)} 33. Rh6 {(13:55)} Kf7 {(00:15)} 34. b3 {(01:38)} Ra1
{(00:44)} 35. Nc3 {(01:38)} Rf1 {(00:06)} 36. Ke3 {
(08:10)} Rc1 {(00:31)} 37. Nd5 {(00:22)} Rc2 {(01:
32)} 38. f5 {(00:13)} Bxf5 {(01:25)} 39. Rxf6+ {(00:08)}
Ke8 {(00:28)} 40. Rxf5 {(00:00)} Rxh2 {(00:00)} 41. Rf2 {
(00:36)} 1-0